 Dungeon Crawl Stone Soup version 0.27-a0-1202-ge72e49191c (webtiles) character file.

Game seed: 8465089124562503618

91 Delamore the Skirmisher (level 4, 0/55 HPs)
             Began as a Formicid Fighter on June 4, 2021.
             Was a Believer of Zin.
             Slain by a shadow imp (1 damage)
             ... on level 3 of the Dungeon.
             The game lasted 00:02:34 (2024 turns).

Delamore the Skirmisher (Formicid Fighter)          Turns: 2024, Time: 00:02:35

Health: 0/55       AC: 22    Str: 21 (22) XL:     4   Next: 87%
Magic:  4/4        EV:  2    Int:  5 (7)  God:    Zin [**....]
Gold:   66         SH:  9    Dex:  9 (10) Spells: 3/3 levels left

rFire    . . .     SeeInvis .   a - +1 trident
rCold    . . .     Faith    .   c - +0 kite shield
rNeg     + + +     Spirit   .   (armour currently unavailable)
rPois    +         Reflect  .   (helmet unavailable)
rElec    .         Harm     .   (cloak currently unavailable)
rCorr    .         Rampage  .   (gloves currently unavailable)
Will     .....                  (boots currently unavailable)
Stlth    +.........             (no amulet)
HPRegen  0.18/turn              (no ring)
MPRegen  0.09/turn              (no ring)

@: tree-form
A: stationary, stasis, torment immunity, boosted hp, permanent stasis, dig
shafts and tunnels, (antennae 3), four strong arms
a: Renounce Religion, Recite, Vitalisation, Donate Gold


You were on level 3 of the Dungeon.
You worshipped Zin.
Zin was pleased with you.
You were a tree.
You visited 1 branch of the dungeon, and saw 3 of its levels.

You collected 73 gold pieces.
You donated 7 gold pieces to Zin.

Inventory:

Hand Weapons
 a - a +1 trident (weapon)
Armour
 b - a +0 scale mail (melded)
 c - a +0 kite shield (worn)
Jewellery
 i - a ring of positive energy
 j - a +4 ring of protection
Potions
 d - 2 potions of might
 e - a potion of flight


   Skills:
 + Level 4.2 Fighting
 * Level 4.0 Polearms
 - Level 3.2 Armour
 - Level 3.6 Shields


You had 3 spell levels left.
You didn't know any spells.
Your spell library contained the following spells:

 Spells                   Type           Power      Damage    Failure   Level
 Corona                   Hex            0%         N/A       86%         1
 Ensorcelled Hibernation  Hex/Ice        0%         N/A       95%         2
 Confusing Touch          Hex            0%         N/A       99%         3
 Dazzling Flash           Conj/Hex       0%         N/A       99%         3
 Tukima's Dance           Hex            0%         N/A       99%         3


Dungeon Overview and Level Annotations

Branches:
Dungeon (3/15)

Altars:
Nemelex Xobeh
Zin


Innate Abilities, Weirdness & Mutations

You are a tree.
Your roots penetrate the ground, keeping you stationary.
You cannot be teleported.
You are immune to unholy pain and torment.
Your maximum health is greatly increased.
Your equipment is partially melded.
You cannot be hasted, slowed, berserked, paralysed or teleported.
You can dig through walls and to a lower floor.
((You have a pair of large antennae on your head. (SInv)))
Your four strong arms can wield two-handed weapons with a shield.


Message History

You feel sick. You block the bat's attack.
The adder bites you but does no damage. The bat misses you.
The hobgoblin closely misses you. You block the shadow imp's attack.
You block the adder's attack.
It was a potion of lignification.
You turn into a tree.
Your +0 scale mail melds into your body.
Your roots penetrate the ground.
Zin forgives your inadvertent chaotic act, just this once.
You feel sick. The bat hits you but does no damage. The adder bites you.
* * * LOW HITPOINT WARNING * * *
The hobgoblin hits you but does no damage.
The bat hits you but does no damage. You block the shadow imp's attack.
You cannot move.
You closely miss the shadow imp.
The shadow imp is lightly wounded.
You feel sick.
You are no longer poisoned.
The bat hits you but does no damage. The adder bites you but does no damage.
You block the hobgoblin's attack.
The shadow imp summons a swarm of flies.
You block the shadow imp's attack.
You closely miss the shadow imp.
The shadow imp is lightly wounded.
The bat hits you but does no damage. The adder bites you but does no damage.
The hobgoblin hits you but does no damage.
The adder bites you but does no damage. You block the shadow imp's attack.
You barely miss the shadow imp.
The shadow imp is lightly wounded.
You block the bat's attack. You block the adder's attack.
You block the hobgoblin's attack. You block the shadow imp's attack.
The adder bites you but does no damage.
The hobgoblin hits you but does no damage.
You closely miss the shadow imp.
The shadow imp is lightly wounded.
The bat hits you but does no damage. The shadow imp hits you.
* * * LOW HITPOINT WARNING * * *
You block the adder's attack.
The hobgoblin hits you but does no damage.
The shadow imp hits you.
You die...

###############
#...............
#................
#.....$..........
#................
#................
#................
#......♣g........
#.....bS5........
.................
#.........)......
#................
#................
(................
.................
.................


You could see an adder, a shadow imp, a hobgoblin and a bat.

Vanquished Creatures
  Robin (D:2)
  An adder (D:2)
  An orc (D:3)
  5 ball pythons
  6 bats
  5 endoplasms
  A giant cockroach (D:1)
  13 goblins
  4 hobgoblins
  10 jackals
  5 quokkas
  A frilled lizard (D:1)
  6 rats
59 creatures vanquished.

Vanquished Creatures (others)
  3 plants (D:1)
3 creatures vanquished.

Grand Total: 62 creatures vanquished

Notes
Turn   | Place    | Note
-------+----------+-------------------------------------------
     0 | D:1      | Delamore the Formicid Fighter began the quest for the Orb.
     0 | D:1      | Reached XP level 1. HP: 18/18 MP: 1/1
    38 | D:1      | Reached XP level 2. HP: 18/24 MP: 2/2
   108 | D:1      | Found a faded altar of an unknown god.
   141 | D:1      | Became a worshipper of Zin the Law-Giver
   141 | D:1      | Reached * piety under Zin
   473 | D:1      | Reached XP level 3. HP: 29/29 MP: 3/3
   884 | D:2      | Found a sparkling altar of Nemelex Xobeh.
  1225 | D:2      | Reached ** piety under Zin
  1284 | D:2      | Noticed Robin
  1291 | D:2      | Killed Robin
  1292 | D:2      | Reached XP level 4. HP: 23/37 MP: 4/4
  2024 | D:3      | HP: 1/55 [shadow imp (2)]
  2024 | D:3      | Slain by a shadow imp

Illustrated notes

Levels and vault maps discovered:
D:1:      wander_arrival_fairy_ring, layout_loops_ring,
          ebering_ecumenical_altar_abandoned
D:2:      layout_basic, basic_altar, nrook_mini_backslash, uniq_robin
D:3:      layout_basic, nicolae_overflow_hidden_temple

Skill      XL: |  1  2  3  4 |
---------------+-------------+-----
Polearms       | 3 4 |  4.0
Fighting       | 4 |  4.2
Armour         | |  3.2
Shields        | |  3.6

Action                   |  1- 3 |  4- 6 || total
-------------------------+-------+-------++-------
Melee: Trident           |   139 |    58 ||   197
  Use: Scroll            |     2 |     1 ||     3
       Potion            |       |     2 ||     2
Armor: Scale mail        |    76 |    30 ||   106
       Skin              |       |    13 ||    13
Dodge: Dodged            |    65 |    22 ||    87
Block: Kite shield       |    79 |    36 ||   115

Table legend: (Time is in decaauts)
 A = Elapsed time spent in this place.
 B = Non-inter-level travel time spent in this place.
 C = Inter-level travel time spent in this place.
 D = Time resting spent in this place.
 E = Time spent auto-exploring this place.
 F = Levels seen in this place.
 G = Mean time per level.
                   A        B        C        D        E       F      G
               +--------+--------+--------+--------+--------+-----+--------+
         Total |   2086 |   2052 |     34 |     30 |   1632 |   3 |  695.3 |
       Dungeon |   2086 |   2052 |     34 |     30 |   1632 |   3 |  695.3 |
               +--------+--------+--------+--------+--------+-----+--------+

Top non-repeatable levels by time:
     D:2: 1152 daAuts
     D:1: 904 daAuts
     D:3: 29 daAuts
